 Dungeon Crawl Stone Soup version 0.32-a0-818-gb728d0252e (webtiles) character file.

Game seed: 15251882923725460199

240 porpoise the Magician (level 6, 0/39 (46) HPs)
             Began as a Djinni Alchemist on Mar 24, 2024.
             Incinerated by a bombardier beetle (1 damage)
             ... with a burning spray
             ... on level 4 of the Dungeon.
             The game lasted 00:15:57 (3886 turns).

porpoise the Magician (Djinni Alchemist)            Turns: 3886, Time: 00:15:58

HP:   0/39 (46)     AC:  5    Str:  7    XL:     6   Next: 30%
Gold: 98            EV: 11    Int: 18    God:
                    SH:  0    Dex: 14

rFire   + + .        a - +0 rapier
rCold   x . .        (no shield)
rNeg    + . .        x - +0 robe {rN+}
rPois   ∞            e - +0 helmet
rElec   .            u - +0 cloak
rCorr   .            v - +0 pair of gloves
SInv    .            (boots unavailable)
Will    .....        (no amulet)
Stlth   +            (no ring)
HPRegen 0.26/turn    (no ring)
MPRegen 0.00/turn

%: infuse magic (-1 HP)
@: on fire, flying, glowing, heavily drained
A: sickness immunity, fire resistance 2, cold vulnerability 1, float, innate
caster, HP casting, extra vitality 1
a: no special abilities


You were on level 4 of the Dungeon.
You visited 1 branch of the dungeon, and saw 4 of its levels.

You collected 98 gold pieces.

Inventory:

Hand Weapons
 a - a +0 rapier (weapon)
Missiles
 d - 13 boomerangs (quivered)
 m - 5 datura-tipped darts
 p - a stone
Armour
 e - a +0 helmet (worn)
 u - a +0 cloak (worn)
 v - a +0 pair of gloves (worn)
 x - a +0 robe of positive energy (worn)
Magical Staves
 b - a staff of alchemy
 z - the staff of Kesok {MP-9 Dex+9 Necro Earth}
   (You took it off a kobold on level 3 of the Dungeon)

   [staff of earth]

   Base accuracy: +5 Base damage: 5 Base attack delay: 1.2 This weapon's minimum
   attack delay (0.6) is reached at skill level 12.
   Dex+9:     It affects your dexterity (+9).
   MP-9:      It affects your magic capacity (-9).
   Necro:     It increases the power of your Necromancy spells.
   Earth:     It increases the power of your Earth spells.
   It falls into the 'Staves' category.
   It is a one-handed weapon.
Wands
 f - a wand of flame (21)
 w - a wand of acid (4)
Scrolls
 c - a scroll of noise
 i - a scroll of enchant armour {unknown}
 k - a scroll of amnesia
 l - 2 scrolls of immolation {unknown}
 o - a scroll of blinking {unknown}
 y - a scroll of torment {unknown}
Potions
 g - a potion of lignification {unknown}
 h - a potion of heal wounds {unknown}
 j - a potion of ambrosia {unknown}
 n - a potion of attraction {unknown}
 q - 2 potions of mutation {unknown}
 r - 2 potions of brilliance {unknown}
 s - a potion of berserk rage {unknown}
 t - a potion of magic {unknown}


   Skills:
 * Level 3.4 Fighting
 + Level 2.1 Staves
 - Level 2.1 Dodging
 - Level 1.5 Stealth
 * Level 4.1 Spellcasting
 * Level 4.1 Conjurations
 * Level 4.1 Hexes
   Level 0.0 Charms
 * Level 4.1 Summonings
 * Level 4.1 Necromancy
 * Level 4.1 Translocations
   Level 0.0 Transmutations
 * Level 4.1 Fire Magic
 * Level 4.1 Ice Magic
 * Level 4.1 Air Magic
 * Level 4.1 Earth Magic
 * Level 4.1 Alchemy


You knew the following spells:

 Your Spells              Type           Power      Damage    Failure   Level
a - Sting                 Conj/Alch      72%        1d7       2%          1
b - Mercury Vapours       Alch/Air       36%        N/A       4%          2
c - Mephitic Cloud        Conj/Alch/Air  18%        N/A       8%          3
d - Olgreb's Toxic Radia  Alch           18%        N/A       26%         4
e - Sticky Flame          Fire/Alch      18%        2d6       26%         4
f - Kiss of Death         Conj/Necr      72%        2d10      2%          1
g - Static Discharge      Conj/Air       36%        3-5/arc   4%          2
Your spell library was empty.

Dungeon Overview and Level Annotations

Branches:
Dungeon (4/15)
 Temple: D:4-7

Altars:

Shops:
D:1 ?[


Innate Abilities, Weirdness & Mutations

You are immune to sickness and miasma.
You are immune to poison.
Your flesh is very heat resistant. (rF++)
You are vulnerable to cold. (rC-)
You float through the air rather than walking.
You learn spells naturally, not from books.
Your magical power is your life essence.
You have superior vitality. (+4 MHP)


Message History

You are frozen.
You hit the phantom but do no damage.
The phantom is severely damaged.
The phantom hits you. The endoplasm freezes you.
You are frozen.
You feel a terrible chill! The goblin closely misses you.
You closely miss the phantom.
The phantom is severely damaged.
The ball python barely misses you. The ball python closely misses you.
The phantom hits you. The endoplasm freezes you.
You are frozen.
You feel a terrible chill!
* * * LOW HITPOINT WARNING * * *
The goblin misses you. The ball python bites you.
* * * LOW HITPOINT WARNING * * *
The ball python closely misses you.
You hit the phantom.
The phantom is severely damaged.
The ball python completely misses you. The ball python barely misses you.
The phantom barely misses you.
The endoplasm hits you but does no damage.
The goblin barely misses you.
The bombardier beetle sprays incendiary fluid at you.
The burning spray hits you.
You are covered in liquid fire!
You barely miss the phantom.
The phantom is severely damaged.
The liquid fire burns you! The ball python bites you.
* * * LOW HITPOINT WARNING * * *
The ball python misses you.
The phantom hits you but does no damage.
The endoplasm closely misses you. The goblin hits you with a +0 club.
* * * LOW HITPOINT WARNING * * *
The goblin hits you but does no damage. The ball python barely misses you.
The ball python closely misses you.
You closely miss the phantom.
The phantom is severely damaged.
The liquid fire burns you!
You die...

#.... ...
.............# #..
#.#.
....<...####........##
#. #.#.#
..........†........#
.. #......#>.....##
#.##...#..........
..#. ...........##
#.##.....B......#
##..#..#S.........
#......g@J#.......
#.#.....Wg..##...
.................. ...
.....#.####.... ...
..###.#.# #.. .. ###
#...# . . #.......#
##....... ......#


You could see a phantom, a bombardier beetle (very drained), an endoplasm, 2
goblins and a ball python.

Vanquished Creatures
  A bombardier beetle (D:3)
  Natasha (thrice) (D:3)
  An orc wizard (D:4)
  Robin (D:3)
  2 adders (D:4)
  4 ribbon worms
  2 dart slugs
  3 orcs
  A ball python (D:2)
  A bat (D:1)
  2 endoplasms
  3 giant cockroaches
  9 goblins
  4 hobgoblins
  5 jackals
  6 kobolds
  3 quokkas
  4 frilled lizards
  3 rats
58 creatures vanquished.

Vanquished Creatures (others)
  A goblin (D:3)
1 creature vanquished.

Grand Total: 59 creatures vanquished

Notes
Turn   | Place    | Note
-------+----------+-------------------------------------------
     0 | D:1      | porpoise the Djinni Alchemist began the quest for the Orb.
     0 | D:1      | porpoise set off with the following spells memorised:
                  | Sting, Mercury Vapours, Mephitic Cloud, Olgreb's Toxic
                  | Radiance, Sticky Flame.
     0 | D:1      | Reached XP level 1. HP: 15/15 MP: 0/0
     3 | D:1      | Found Kaorgh's Antique Armour Shop.
   364 | D:1      | Found Ataivvof's Magic Scroll Shoppe.
   439 | D:1      | Reached XP level 2. HP: 22/22 MP: 0/0
   478 | D:1      | Reached skill level 1 in Fighting
  1130 | D:2      | Reached XP level 3. HP: 24/27 MP: 0/0
  1130 | D:2      | Learned a level 1 spell: Kiss of Death
  1225 | D:2      | Found a faded altar of an unknown god.
  2248 | D:3      | Identified the staff of Kesok {MP-9 Dex+9 Necro Earth}
  2370 | D:3      | Reached XP level 4. HP: 25/29 MP: 0/0
  2674 | D:4      | Noticed Natasha
  2698 | D:3      | Killed Natasha
  2699 | D:3      | Reached skill level 1 in Staves
  2883 | D:4      | Noticed Robin
  2913 | D:3      | Reached XP level 5. HP: 36/39 MP: 0/0
  2913 | D:3      | Learned a level 2 spell: Static Discharge
  2944 | D:3      | Killed Robin
  3093 | D:3      | Noticed Natasha
  3114 | D:3      | Killed Natasha
  3170 | D:3      | Noticed Natasha
  3180 | D:3      | Killed Natasha
  3181 | D:3      | Reached XP level 6. HP: 8/46 MP: 0/0
  3885 | D:4      | HP: 1/39 [goblin/+0 club[Robin] (2)]
  3886 | D:4      | Incinerated by a bombardier beetle

Illustrated notes

Levels and vault maps discovered:
D:1:      dpeg_arrival_brainrot, layout_basic, serial_shops, shop,
          nicolae_shop_statue_plus
D:2:      minmay_skewed_foursquare, layout_loops_ring,
          ebering_ecumenical_altar_abandoned, kennysheep_crisscross
D:3:      layout_rooms
D:4:      layout_rooms, kennysheep_orc_sif_temple, gammafunk_ghost_smash,
          uniq_natasha, uniq_duvessa, uniq_robin

Skill      XL: |  1  2  3  4  5 |
---------------+----------------+-----
Fighting       | 1 2 3 |  3.4
Staves         | 1 2 |  2.1
Spellcasting   | 4 |  4.1
Conjurations   | 4 |  4.1
Hexes          | 4 |  4.1
Summonings     | 4 |  4.1
Necromancy     | 4 |  4.1
Translocations | 4 |  4.1
Fire Magic     | 4 |  4.1
Ice Magic      | 4 |  4.1
Air Magic      | 4 |  4.1
Earth Magic    | 4 |  4.1
Alchemy        | 4 |  4.1
Dodging        | |  2.1
Stealth        | |  1.5

Action                     |  1- 3 |  4- 6 || total
---------------------------+-------+-------++-------
  Melee: Unarmed           |     8 |       ||     8
         Rapier            |    20 |   104 ||   124
         Staff             |    53 |    24 ||    77
  Throw: Boomerang         |       |     8 ||     8
   Cast: Sting             |    38 |    19 ||    57
         Kiss of Death     |     1 |     1 ||     2
         Mercury Vapours   |       |     1 ||     1
  Evoke: Wand              |     1 |     2 ||     3
    Use: Scroll            |     2 |       ||     2
         Potion            |       |     3 ||     3
   Stab: Sleeping          |     2 |       ||     2
 Armour: Robe              |    54 |   137 ||   191
  Dodge: Dodged            |    48 |   132 ||   180

Table legend: (Time is in decaauts)
 A = Elapsed time spent in this place.
 B = Non-inter-level travel time spent in this place.
 C = Inter-level travel time spent in this place.
 D = Time resting spent in this place.
 E = Time spent auto-exploring this place.
 F = Levels seen in this place.
 G = Mean time per level.
                   A        B        C        D        E       F      G
               +--------+--------+--------+--------+--------+-----+--------+
         Total |   3924 |   3844 |     80 |   1483 |   1606 |   4 |  981.0 |
       Dungeon |   3924 |   3844 |     80 |   1483 |   1606 |   4 |  981.0 |
               +--------+--------+--------+--------+--------+-----+--------+

Top non-repeatable levels by time:
     D:3: 1585 daAuts
     D:1: 943 daAuts
     D:2: 924 daAuts
     D:4: 471 daAuts
